 Dungeon Crawl Stone Soup version 0.25.0-11-g1f837a7 (webtiles) character file.

Game seed: 10068309884038850054

79 Golfball the Ruffian (level 4, 0/45 HPs)
             Began as a Troll Monk on June 25, 2020.
             Slain by a gnoll sergeant
             ... wielding a +0 trident
              (9 damage)
             ... on level 3 of the Dungeon.
             The game lasted 00:03:35 (1408 turns).

Golfball the Ruffian (Troll Monk)                   Turns: 1408, Time: 00:03:35

Health: 0/45       AC:  6    Str: 19    XL:     4   Next: 16%
Magic:  3/3        EV: 10    Int:  7    God:
Gold:   142        SH:  0    Dex: 12    Spells: 3/3 levels left

rFire    . . .     SeeInvis .     - Unarmed
rCold    . . .     Gourm    +   (no shield)
rNeg     . . .     Faith    .   a - +0 robe
rPois    .         Spirit   .   (helmet restricted)
rElec    .         Reflect  .   (no cloak)
rCorr    .         Harm     .   (gloves unavailable)
MR       .....                  (boots unavailable)
Stlth    ++........             (no amulet)
HPRegen  0.55/turn              h - ring of wizardry
MPRegen  0.08/turn              (no ring)

@: no status effects
A: large, unfitting armour, claws 3, fast metabolism 3, gourmand, regeneration
1, shaggy fur 1, tough skin 3
a: no special abilities


You were on level 3 of the Dungeon.
You were very full.

You visited 1 branch of the dungeon, and saw 3 of its levels.

You collected 142 gold pieces.

Inventory:

Hand Weapons
 e - a +0 club
Armour
 a - a +0 robe (worn)
Jewellery
 h - a ring of wizardry (left claw)
Scrolls
 d - a scroll of amnesia {unknown}
 g - a scroll of magic mapping {unknown}
 k - 2 scrolls of remove curse {unknown}
 l - 3 scrolls of identify {unknown}
 m - a scroll of enchant weapon {unknown}
 p - a scroll of random uselessness {unknown}
Potions
 c - 4 potions of heal wounds {unknown}
 f - 2 potions of haste {unknown}
 i - a potion of lignification {unknown}
 j - a potion of berserk rage {unknown}
 n - a potion of flight {unknown}
Comestibles
 b - 7 rations
 o - 5 chunks of flesh


   Skills:
 + Level 3.4 Fighting
 - Level 2.4 Dodging
 - Level 1.0 Stealth
 + Level 4.1 Unarmed Combat


You had 3 spell levels left.
You didn't know any spells.
Your spell library was empty.

Dungeon Overview and Level Annotations

Branches:
Dungeon (3/15)

Altars:


Innate Abilities, Weirdness & Mutations

You are too large for most types of armour.
You have claws for hands.
Your metabolism is lightning-fast.
You like to eat raw meat.
Your natural rate of healing is unusually fast.
You are covered in fur. (AC +1)
You have extremely tough skin. (AC +3)


Message History

The gnoll sergeant hits you with a +0 trident!
You scratch the gnoll sergeant but do no damage.
The gnoll sergeant is moderately wounded.
The gnoll hits you from afar with a +0 spear!
You scratch the gnoll sergeant.
The gnoll sergeant is heavily wounded.
The gnoll sergeant hits you with a +0 trident.
The gnoll hits you from afar with a +0 spear.
You scratch the gnoll sergeant but do no damage.
The gnoll sergeant is heavily wounded.
The gnoll sergeant misses you. The gnoll barely misses you.
You barely miss the gnoll sergeant.
The gnoll sergeant is heavily wounded.
The gnoll barely misses you. The gnoll sergeant closely misses you.
You claw the gnoll sergeant!
The gnoll sergeant is almost dead.
The gnoll hits you from afar with a +0 spear!
* * * LOW HITPOINT WARNING * * *
The gnoll sergeant hits you with a +0 trident!
You die...

#....######)...# ##...#
#....# ### #รท).# #....#
#^# ##'## #....# ######.#
#..# #....# #......# ##.##
####g# #....... #..# #g#
#...# #....... ##.# #g#
#...# #......# #.# #@#
#...# #.....<. #.## #.#
#...# #......# #..# #.#
#...# ######.# ##.#
##+###...###### #.# #.##
#.............# #.#
#..#####.............###.#
#...................[..).#
#.....................####
#.....................#


You could see a gnoll sergeant and 2 gnolls.

Vanquished Creatures
  2 gnolls (D:3)
  An adder (D:2)
  2 dart slugs
  6 leopard geckos
  An orc (D:3)
  3 giant cockroaches
  2 goblins (D:3)
  5 hobgoblins
  2 bats
  A frilled lizard (D:1)
  6 kobolds
  11 rats
42 creatures vanquished.

Notes
Turn   | Place    | Note
-------+----------+-------------------------------------------
     0 | D:1      | Golfball the Troll Monk began the quest for the Orb.
     0 | D:1      | Reached XP level 1. HP: 22/22 MP: 0/0
   171 | D:1      | Reached XP level 2. HP: 29/29 MP: 1/1
   713 | D:2      | Reached XP level 3. HP: 37/37 MP: 2/2
  1344 | D:3      | Reached skill level 4 in Unarmed Combat
  1363 | D:3      | Reached XP level 4. HP: 45/45 MP: 3/3
  1379 | D:3      | Noticed a gnoll sergeant
  1408 | D:3      | Slain by a gnoll sergeant

Illustrated notes

Levels and vault maps discovered:
D:1:      lemuel_arrival_behind_the_door_small, layout_loops_ring,
          serial_bayou_lagoon_b
D:2:      layout_basic
D:3:      minmay_chambers_of_twos, layout_basic

Skill      XL: |  1  2  3 |
---------------+----------+-----
Fighting       | 3 |  3.4
Unarmed Combat | 4 |  4.1
Dodging        | |  2.4
Stealth        | |  1.0

Action                   |  1- 3 |  4- 6 || total
-------------------------+-------+-------++-------
Melee: Unarmed           |    78 |    12 ||    90
 Stab: Sleeping          |     5 |       ||     5
  Eat: Chunk             |    18 |       ||    18
Armor: Robe              |    21 |       ||    21
Dodge: Dodged            |    39 |    11 ||    50
